 Dungeon Crawl Stone Soup version 0.22-a0-448-g1fb7470 (webtiles) character file.

125 4thArraOfDagon the Firebug (level 5, -4/45 HPs)
             Began as an Ogre Fire Elementalist on June 4, 2018.
             Killed by divine providence
             ... invoked by an orc priest
              (7 damage)
             ... on level 3 of the Dungeon.
             The game lasted 00:05:38 (1176 turns).

4thArraOfDagon the Firebug (Ogre Fire Elementalist) Turns: 1176, Time: 00:05:39

Health: -4/45      AC:  3    Str: 12    XL:     5   Next: 9%
Magic:  1/9        EV: 10    Int: 17    God:
Gold:   37         SH:  0    Dex:  9    Spells: 2/10 levels left

rFire    . . .     SeeInvis .   e - +0 war axe (elec)
rCold    + . .     Gourm    .   (no shield)
rNeg     . . .     Faith    .   a - +0 robe
rPois    .         Spirit   .   (helmet restricted)
rElec    .         Reflect  .   (no cloak)
rCorr    .         Harm     .   (gloves unavailable)
MR       .....                  (boots unavailable)
Stlth    ..........             (no amulet)
HPRegen  0.15/turn              g - ring of protection from cold
MPRegen  0.11/turn              d - ring of loudness (curse)

@: very slightly contaminated
A: large, unfitting armour, tough skin 1
a: no special abilities


You were on level 3 of the Dungeon.
You were not hungry.

You visited 1 branch of the dungeon, and saw 3 of its levels.

You collected 37 gold pieces.

Inventory:

Hand Weapons
 e - a +0 war axe of electrocution (weapon)
Armour
 a - a +0 robe (worn)
Jewellery
 b - a +1 ring of evasion
 d - a cursed ring of loudness (right hand)
 g - a ring of protection from cold (left hand)
Wands
 h - a wand of iceblast (13)
Comestibles
 c - 2 rations


   Skills:
 - Level 1.7 Dodging
 - Level 1.4 Stealth
 + Level 3.2 Spellcasting
 * Level 2.7 Conjurations
 * Level 3.8 Fire Magic


You had 2 spell levels left.
You knew the following spells:

 Your Spells              Type           Power        Failure   Level  Hunger
a - Flame Tongue          Conj/Fire      ##...        4%          1    None
b - Conjure Flame         Conj/Fire      ##......     13%         3    ###....
c - Sticky Flame          Conj/Fire      ##......     41%         4    ####...

Your spell library contained the following spells:

 Spells                   Type           Power        Failure   Level  Hunger
 Fireball                 Conj/Fire      ##........   77%         5    ######.
 Throw Flame              Conj/Fire      ##....       7%          2    ##.....
 Inner Flame              Hex/Fire       #.......     24%         3    ###....


Dungeon Overview and Level Annotations

Branches:
Dungeon (3/15)

Altars:
Okawaru

Annotations:
D:3 Nib's ghost, amateur DrTm


Innate Abilities, Weirdness & Mutations

You are too large for most types of armour.
You have tough skin. (AC +1)


Message History

The flame tongue hits the orc priest.
The orc priest appears unharmed.
The orc priest is almost dead.
The orc priest hits you but does no damage.
Casting: Flame Tongue (safe; 4% risk of failure)
Confirm with . or Enter, or press ? or * to list all spells.
Aiming: Flame Tongue (safe; 4% risk of failure)
Press: ? - help, Shift-Dir - straight line, f/p - orc priest
Aim: an orc priest, wielding a dagger and wearing a chain mail (almost dead)
You miscast Flame Tongue.
You are very lightly contaminated with residual magic.
Your skin glows momentarily.
The orc priest hits you with a dagger.
* * * LOW HITPOINT WARNING * * *
The orc wizard gestures wildly while chanting.
The orc wizard blinks!
Unknown command.
You closely miss the orc priest.
The orc priest is almost dead.
The orc priest calls down the wrath of Beogh upon you.
Beogh smites you!
You die...

#........# #
#........#.# .
#........#.# ..
#.......... #..
#........#
#.%.#........#
#...(........#
#...............


You could see an orc priest.

Vanquished Creatures
  An orc wizard (D:2)
  An orc priest (D:2)
  2 adders
  A worm (D:2)
  2 leopard geckos (D:1)
  9 orcs
  6 bats
  A giant cockroach (D:2)
  6 hobgoblins
  A kobold (D:2)
  A ball python (D:1)
  4 frilled lizards
  2 rats
37 creatures vanquished.

Vanquished Creatures (others)
  A hobgoblin (D:3)
1 creature vanquished.

Grand Total: 38 creatures vanquished

Notes
Turn   | Place    | Note
-------+----------+-------------------------------------------
     0 | D:1      | 4thArraOfDagon the Ogre Fire Elementalist began the quest for the Orb.
     0 | D:1      | Reached XP level 1. HP: 16/16 MP: 3/3
    24 | D:1      | Reached skill level 1 in Conjurations
   116 | D:1      | Reached XP level 2. HP: 13/24 MP: 1/5
   241 | D:2      | Noticed a crimson imp
   301 | D:2      | Found an iron altar of Okawaru.
   303 | D:2      | :/
   393 | D:1      | Reached XP level 3. HP: 22/31 MP: 0/7
   699 | D:2      | Learned a level 3 spell: Conjure Flame
   781 | D:3      | Noticed Nib's ghost (amateur DrTm)
   786 | D:2      | Reached XP level 4. HP: 20/39 MP: 4/8
   993 | D:1      | Learned a level 4 spell: Sticky Flame
  1002 | D:2      | Reached XP level 5. HP: 19/45 MP: 4/9
  1175 | D:3      | HP: 2/45 [orc priest/dagger (2)]
  1176 | D:3      | Killed from afar by an orc priest

Vault maps used:
D:1:      dpeg_arrival_simpleton_b
D:2:      nicolae_overflow_crystal_walls
D:3:      uniq_natasha

Skill      XL: |  1  2  3 |
---------------+----------+-----
Conjurations   | 1 2 |  2.7
Fire Magic     | 3 |  3.8
Spellcasting   | 3 |  3.2
Dodging        | |  1.7
Stealth        | |  1.4

Action                   |  1- 3 |  4- 6 || total
-------------------------+-------+-------++-------
Melee: Unarmed           |     9 |       ||     9
       War axe           |    12 |    14 ||    26
 Cast: Flame Tongue      |    46 |    17 ||    63
  Use: Potion            |     3 |       ||     3
       Scroll            |     1 |       ||     1
  Eat: Chunk             |       |     2 ||     2
Armor: Robe              |    45 |    11 ||    56
Dodge: Dodged            |    63 |    17 ||    80

Table legend:
 A = Spawn XP
 B = Non-spawn XP
 C = Spawn XP percentage of total XP
 D = Spawn monster count
 E = Non-spawn monster count
 F = Spawn count percentage of total count
 G = Total turns spent on level
                    A         B        C        D         E        F      G
               +---------+---------+-------+---------+---------+-------+---------
         Total |       0 |     179 |   0.0 |       0 |      37 |   0.0 |  1176
               +---------+---------+-------+---------+---------+-------+---------
           D:1 |       0 |      18 |   0.0 |       0 |      10 |   0.0 |   499
           D:2 |       0 |     137 |   0.0 |       0 |      22 |   0.0 |   634
           D:3 |       0 |      24 |   0.0 |       0 |       5 |   0.0 |    43
               +---------+---------+-------+---------+---------+-------+---------
